[ PARTIDA AOE2 · #505230666 ]
UnrankedMalíes vs Cumans
Equipo del jugador · DERR
Equipo rival · VICT
[ ANÁLISIS DE REPETICIÓN · EXTRAÍDO DE LA PARTIDA GRABADA ]
Feudal
9:16
Castillos
25:16
Imperial
—
| APM promedio | 54.0 |
| APM pico | 89 |
| eAPM promedio | 24.4 |
| Aldeanos / militares | 72 / 54 |
Foco
⚔️ 30.6% · 🌾 69.4%
Archer ×36 · Militia ×8 · Mangonel ×8 · Spearman ×2
Feudal
8:51
Castillos
23:18
Imperial
—
| APM promedio | 58.6 |
| APM pico | 116 |
| eAPM promedio | 31.7 |
| Aldeanos / militares | 106 / 18 |
Foco
⚔️ 35.0% · 🌾 65.0%
Knight ×12 · Kipchak ×4 · Mangonel ×2
Mapa de la partida
Recursos iniciales + cada clic de construcción. Líneas = muros · curvas = relieve. ◆ oro · ⬟ piedra · ● bayas · ✦ reliquia · ◌ hueco del cierre
Tu base· Abierta — hueco de 4t
Base de squashy5000· Abierta — flanco sin cerrar
Terreno inicial suavizado · ◌ = hueco del cierre detectado · pasá el cursor para detalles
Inputs por minuto
— 江东小霸王 - - squashy5000
Build order — 江东小霸王
Primeras 150 de 240 acciones detectadas
| 0:00 | Encolar | Villager (Male) |
| 0:01 | Encolar | Villager (Male) |
| 0:02 | Construir | House |
| 0:02 | Construir | House |
| 0:05 | Encolar | Villager (Male) |
| 0:05 | Encolar | Villager (Male) |
| 0:05 | Encolar | Villager (Male) |
| 1:22 | Encolar | Villager (Male) |
| 1:45 | Construir | Lumber Camp |
| 1:51 | Encolar | Villager (Male) |
| 2:19 | Encolar | Villager (Male) |
| 2:19 | Encolar | Villager (Male) |
| 2:49 | Encolar | Villager (Male) |
| 2:49 | Encolar | Villager (Male) |
| 2:50 | Encolar | Villager (Male) |
| 2:56 | Encolar | Villager (Male) |
| 2:56 | Encolar | Villager (Male) |
| 3:30 | Encolar | Villager (Male) |
| 3:47 | Encolar | Villager (Male) |
| 3:48 | Encolar | Villager (Male) |
| 4:01 | Construir | House |
| 4:03 | Encolar | Villager (Male) |
| 4:03 | Encolar | Villager (Male) |
| 4:03 | Encolar | Villager (Male) |
| 4:32 | Construir | House |
| 4:41 | Encolar | Villager (Male) |
| 4:49 | Encolar | Villager (Male) |
| 4:49 | Encolar | Villager (Male) |
| 4:49 | Encolar | Villager (Male) |
| 5:17 | Construir | Barracks |
| 5:33 | Construir | House |
| 5:44 | Investigar | Loom |
| 5:49 | Encolar | Villager (Male) |
| 5:49 | Investigar | Loom |
| 6:58 | Investigar | Feudal Age |
| 6:59 | Investigar | Feudal Age |
| 6:59 | Investigar | Feudal Age |
| 7:01 | Construir | Mining Camp |
| 7:10 | Encolar | Militia |
| 7:26 | Encolar | Militia |
| 7:44 | Construir | Mill |
| 7:57 | Encolar | Militia |
| 7:58 | Encolar | Militia |
| 8:14 | Construir | Palisade Wall |
| 8:20 | Construir | Palisade Wall |
| 8:30 | Construir | Palisade Wall |
| 8:32 | Construir | Palisade Wall |
| 8:34 | Construir | Palisade Wall |
| 8:40 | Encolar | Villager (Male) |
| 9:16 | Edad | Edad Feudal |
| 9:16 | Investigar | Man-at-Arms (upgrade) |
| 9:16 | Investigar | Man-at-Arms (upgrade) |
| 9:20 | Encolar | Spearman |
| 9:21 | Encolar | Villager (Male) |
| 9:49 | Encolar | Villager (Male) |
| 10:16 | Encolar | Villager (Male) |
| 10:23 | Construir | Archery Range |
| 10:37 | Encolar | Villager (Male) |
| 11:01 | Construir | House |
| 11:03 | Construir | House |
| 11:04 | Encolar | Archer |
| 11:06 | Encolar | Villager (Male) |
| 11:19 | Construir | Palisade Wall |
| 11:20 | Construir | Palisade Gate |
| 11:23 | Encolar | Archer |
| 11:26 | Encolar | Spearman |
| 11:30 | Encolar | Villager (Male) |
| 11:41 | Construir | Mill |
| 11:49 | Encolar | Villager (Male) |
| 11:54 | Encolar | Archer |
| 12:28 | Construir | Blacksmith |
| 12:32 | Construir | Palisade Wall |
| 12:34 | Encolar | Villager (Male) |
| 12:40 | Encolar | Villager (Male) |
| 12:49 | Encolar | Archer |
| 13:08 | Investigar | Fletching |
| 13:08 | Investigar | Fletching |
| 13:15 | Construir | House |
| 13:20 | Construir | House |
| 13:21 | Encolar | Villager (Male) |
| 13:23 | Encolar | Archer |
| 13:44 | Construir | Farm |
| 13:45 | Construir | Farm |
| 13:46 | Encolar | Villager (Male) |
| 13:47 | Construir | Farm |
| 13:57 | Encolar | Archer |
| 13:57 | Encolar | Archer |
| 14:00 | Construir | House |
| 14:00 | Construir | House |
| 14:20 | Construir | Farm |
| 14:28 | Encolar | Villager (Male) |
| 14:28 | Encolar | Villager (Male) |
| 14:28 | Encolar | Villager (Male) |
| 14:31 | Encolar | Archer |
| 14:35 | Encolar | Villager (Male) |
| 14:48 | Construir | Farm |
| 14:59 | Encolar | Archer |
| 15:05 | Encolar | Villager (Male) |
| 15:14 | Encolar | Villager (Male) |
| 15:15 | Construir | Farm |
| 15:17 | Construir | Lumber Camp |
| 15:27 | Construir | Farm |
| 15:38 | Construir | Farm |
| 15:52 | Encolar | Villager (Male) |
| 16:04 | Encolar | Villager (Male) |
| 16:08 | Construir | Mining Camp |
| 16:10 | Encolar | Villager (Male) |
| 16:11 | Encolar | Archer |
| 16:23 | Encolar | Militia |
| 16:23 | Encolar | Militia |
| 16:42 | Investigar | Double-Bit Axe |
| 17:04 | Encolar | Villager (Male) |
| 17:19 | Encolar | Archer |
| 17:27 | Construir | Watch Tower |
| 17:27 | Encolar | Villager (Male) |
| 17:36 | Investigar | Stone Mining |
| 17:40 | Investigar | Horse Collar |
| 17:48 | Encolar | Archer |
| 17:59 | Construir | Stone Wall |
| 18:00 | Construir | Stone Wall |
| 18:00 | Construir | Stone Wall |
| 18:01 | Construir | Stone Wall |
| 18:03 | Investigar | Gold Mining |
| 18:05 | Encolar | Archer |
| 18:06 | Encolar | Villager (Male) |
| 18:17 | Encolar | Archer |
| 18:31 | Encolar | Villager (Male) |
| 18:32 | Construir | Farm |
| 18:35 | Construir | Farm |
| 18:35 | Construir | Farm |
| 18:40 | Encolar | Villager (Male) |
| 18:48 | Encolar | Archer |
| 18:50 | Encolar | Villager (Male) |
| 19:11 | Construir | Watch Tower |
| 19:31 | Construir | Farm |
| 19:31 | Construir | Farm |
| 19:32 | Construir | Farm |
| 19:32 | Construir | Farm |
| 19:34 | Encolar | Villager (Male) |
| 19:46 | Encolar | Archer |
| 19:48 | Encolar | Militia |
| 19:48 | Encolar | Militia |
| 19:55 | Construir | Farm |
| 19:57 | Construir | House |
| 19:59 | Construir | House |
| 20:05 | Investigar | Wheelbarrow |
| 20:06 | Investigar | Wheelbarrow |
| 20:06 | Investigar | Wheelbarrow |
| 20:08 | Construir | Stone Wall |
| 20:08 | Construir | Stone Wall |
Build order — squashy5000
Primeras 150 de 231 acciones detectadas
| 0:00 | Encolar | Villager (Male) |
| 0:01 | Construir | House |
| 0:02 | Construir | House |
| 0:02 | Encolar | Villager (Male) |
| 0:09 | Encolar | Villager (Male) |
| 0:09 | Encolar | Villager (Male) |
| 0:10 | Encolar | Villager (Male) |
| 1:25 | Encolar | Villager (Male) |
| 1:47 | Construir | Lumber Camp |
| 1:50 | Encolar | Villager (Male) |
| 1:50 | Encolar | Villager (Male) |
| 2:21 | Encolar | Villager (Male) |
| 2:53 | Encolar | Villager (Male) |
| 2:53 | Encolar | Villager (Male) |
| 3:38 | Encolar | Villager (Male) |
| 3:50 | Construir | House |
| 3:53 | Construir | Mill |
| 3:59 | Encolar | Villager (Male) |
| 4:09 | Encolar | Villager (Male) |
| 4:31 | Encolar | Villager (Male) |
| 4:51 | Encolar | Villager (Male) |
| 5:11 | Encolar | Villager (Male) |
| 5:21 | Encolar | Villager (Male) |
| 5:40 | Investigar | Loom |
| 6:36 | Investigar | Feudal Age |
| 7:28 | Construir | House |
| 7:37 | Construir | Palisade Wall |
| 7:55 | Construir | House |
| 7:57 | Construir | Palisade Wall |
| 8:12 | Construir | Palisade Wall |
| 8:17 | Construir | Palisade Wall |
| 8:28 | Construir | Palisade Wall |
| 8:29 | Construir | Palisade Wall |
| 8:33 | Encolar | Villager (Male) |
| 8:51 | Edad | Edad Feudal |
| 8:58 | Construir | Town Center |
| 9:14 | Investigar | Double-Bit Axe |
| 9:15 | Encolar | Villager (Male) |
| 9:30 | Encolar | Villager (Male) |
| 9:44 | Construir | Mill |
| 10:10 | Encolar | Villager (Male) |
| 10:18 | Encolar | Villager (Male) |
| 10:25 | Encolar | Villager (Male) |
| 10:37 | Investigar | Horse Collar |
| 10:49 | Construir | Farm |
| 10:52 | Construir | Farm |
| 10:57 | Encolar | Villager (Male) |
| 11:14 | Encolar | Villager (Male) |
| 11:16 | Construir | Farm |
| 11:26 | Encolar | Villager (Male) |
| 11:28 | Encolar | Villager (Male) |
| 11:28 | Encolar | Villager (Male) |
| 11:38 | Construir | Farm |
| 11:49 | Encolar | Villager (Male) |
| 11:49 | Encolar | Villager (Male) |
| 11:57 | Construir | Farm |
| 12:03 | Encolar | Villager (Male) |
| 12:14 | Construir | Farm |
| 12:15 | Encolar | Villager (Male) |
| 12:21 | Encolar | Villager (Male) |
| 12:29 | Encolar | Villager (Male) |
| 12:35 | Construir | Farm |
| 12:37 | Construir | Outpost |
| 12:50 | Construir | House |
| 12:52 | Encolar | Villager (Male) |
| 12:56 | Construir | Outpost |
| 13:00 | Encolar | Villager (Male) |
| 13:00 | Encolar | Villager (Male) |
| 13:07 | Construir | Farm |
| 13:12 | Construir | Farm |
| 13:19 | Construir | House |
| 13:20 | Encolar | Villager (Male) |
| 13:23 | Construir | Farm |
| 13:25 | Construir | Farm |
| 13:26 | Encolar | Villager (Male) |
| 13:35 | Construir | House |
| 13:37 | Encolar | Villager (Male) |
| 13:47 | Construir | House |
| 13:49 | Encolar | Villager (Male) |
| 14:02 | Construir | Mining Camp |
| 14:15 | Construir | Farm |
| 14:17 | Encolar | Villager (Male) |
| 14:17 | Encolar | Villager (Male) |
| 14:21 | Encolar | Villager (Male) |
| 14:26 | Construir | House |
| 14:29 | Construir | House |
| 14:34 | Encolar | Villager (Male) |
| 14:49 | Encolar | Villager (Male) |
| 14:52 | Construir | Palisade Gate |
| 14:54 | Construir | Palisade Wall |
| 14:55 | Encolar | Villager (Male) |
| 15:24 | Encolar | Villager (Male) |
| 15:30 | Construir | Lumber Camp |
| 15:47 | Encolar | Villager (Male) |
| 16:00 | Construir | Farm |
| 16:00 | Encolar | Villager (Male) |
| 16:06 | Construir | Watch Tower |
| 16:07 | Encolar | Villager (Male) |
| 16:12 | Encolar | Villager (Male) |
| 16:13 | Construir | Farm |
| 16:23 | Encolar | Villager (Male) |
| 16:28 | Construir | Farm |
| 16:29 | Encolar | Villager (Male) |
| 16:36 | Construir | Watch Tower |
| 16:42 | Construir | House |
| 16:48 | Construir | House |
| 16:49 | Encolar | Villager (Male) |
| 17:06 | Construir | House |
| 17:06 | Construir | House |
| 17:07 | Encolar | Villager (Male) |
| 17:22 | Construir | Watch Tower |
| 17:40 | Construir | Farm |
| 17:41 | Encolar | Villager (Male) |
| 17:43 | Construir | Market |
| 17:46 | Construir | Farm |
| 17:50 | Encolar | Villager (Male) |
| 18:13 | Construir | House |
| 18:14 | Encolar | Villager (Male) |
| 18:19 | Encolar | Villager (Male) |
| 18:19 | Encolar | Villager (Male) |
| 18:21 | Construir | Mill |
| 18:35 | Construir | House |
| 18:48 | Construir | Farm |
| 19:33 | Encolar | Villager (Male) |
| 19:53 | Construir | Watch Tower |
| 20:00 | Encolar | Villager (Male) |
| 20:15 | Construir | Palisade Wall |
| 20:23 | Construir | Blacksmith |
| 20:38 | Investigar | Castle Age |
| 20:39 | Investigar | Castle Age |
| 20:42 | Construir | Palisade Wall |
| 20:45 | Construir | Palisade Wall |
| 20:48 | Construir | Palisade Wall |
| 21:15 | Encolar | Villager (Male) |
| 21:19 | Construir | Mining Camp |
| 21:37 | Construir | Barracks |
| 21:53 | Construir | Watch Tower |
| 21:59 | Encolar | Villager (Male) |
| 22:17 | Encolar | Villager (Male) |
| 22:29 | Investigar | Fletching |
| 22:38 | Encolar | Villager (Male) |
| 22:58 | Construir | Farm |
| 23:04 | Encolar | Villager (Male) |
| 23:18 | Encolar | Villager (Male) |
| 23:18 | Edad | Edad de los Castillos |
| 23:39 | Construir | Castle |
| 23:51 | Investigar | Bodkin Arrow |
| 23:52 | Encolar | Villager (Male) |
| 23:54 | Construir | Stable |
| 24:03 | Encolar | Villager (Male) |
Cronología de la partida
| 5:17 | 江东小霸王 · first_building Barracks |
| 7:37 | squashy5000 · wall_segment Palisade Wall x9 |
| 7:57 | squashy5000 · wall_segment Palisade Wall x2 |
| 8:12 | squashy5000 · wall_segment Palisade Wall x9 |
| 8:14 | 江东小霸王 · wall_segment Palisade Wall x7 |
| 8:17 | squashy5000 · wall_segment Palisade Wall x4 |
| 8:20 | 江东小霸王 · wall_segment Palisade Wall x7 |
| 8:28 | squashy5000 · wall_segment Palisade Wall x1 |
| 8:29 | squashy5000 · wall_segment Palisade Wall x1 |
| 8:30 | 江东小霸王 · wall_segment Palisade Wall x3 |
| 8:32 | 江东小霸王 · wall_segment Palisade Wall x11 |
| 8:34 | 江东小霸王 · wall_segment Palisade Wall x1 |
| 8:51 | squashy5000 · age_up feudal |
| 9:16 | 江东小霸王 · age_up feudal |
| 10:23 | 江东小霸王 · first_building Archery Range |
| 11:19 | 江东小霸王 · wall_segment Palisade Wall x3 |
| 12:32 | 江东小霸王 · wall_segment Palisade Wall x1 |
| 14:54 | squashy5000 · wall_segment Palisade Wall x1 |
| 17:59 | 江东小霸王 · wall_segment Stone Wall x1 |
| 18:00 | 江东小霸王 · wall_segment Stone Wall x1 |
| 18:00 | 江东小霸王 · wall_segment Stone Wall x1 |
| 18:01 | 江东小霸王 · wall_segment Stone Wall x1 |
| 18:51 | squashy5000 · first_market_sell 100 wood |
| 18:52 | squashy5000 · first_market_buy 100 food |
| 20:08 | 江东小霸王 · wall_segment Stone Wall x1 |
| 20:08 | 江东小霸王 · wall_segment Stone Wall x1 |
| 20:09 | 江东小霸王 · wall_segment Stone Wall x1 |
| 20:10 | 江东小霸王 · wall_segment Stone Wall x1 |
| 20:10 | 江东小霸王 · wall_segment Stone Wall x1 |
| 20:15 | squashy5000 · wall_segment Palisade Wall x4 |
| 20:42 | squashy5000 · wall_segment Palisade Wall x1 |
| 20:45 | squashy5000 · wall_segment Palisade Wall x1 |
| 20:48 | squashy5000 · wall_segment Palisade Wall x1 |
| 21:37 | squashy5000 · first_building Barracks |
| 21:43 | 江东小霸王 · wall_segment Stone Wall x1 |
| 21:44 | 江东小霸王 · wall_segment Stone Wall x1 |
| 21:45 | 江东小霸王 · wall_segment Stone Wall x1 |
| 21:45 | 江东小霸王 · wall_segment Stone Wall x1 |
| 22:35 | 江东小霸王 · first_market_buy 100 food |
| 23:18 | squashy5000 · age_up castle |
| 23:39 | squashy5000 · first_building Castle |
| 23:54 | squashy5000 · first_building Stable |
| 25:16 | 江东小霸王 · age_up castle |
| 25:33 | 江东小霸王 · first_building Siege Workshop |
| 27:34 | 江东小霸王 · first_market_sell 100 wood |
| 28:04 | squashy5000 · first_building Siege Workshop |
| 31:54 | 江东小霸王 · resign |
[ ANÁLISIS IA · 1 CRÉDITO ]
¿Qué pasó realmente en esta partida?
Wolo.gg analiza cada decisión: build order, eco, micro, errores típicos por bracket. Análisis personalizado por WhatsApp o Discord en 30 segundos.
Guía civ
Malíes
Perfil
江东小霸王